 Dungeon Crawl Stone Soup version 0.19.3-4-gbf9329e (webtiles) character file.

333 KambridgeKobold the Conjurer (level 6, -3/32 HPs)
             Began as a Deep Elf Conjurer on Jan 30, 2017.
             Killed from afar by an orc wizard (6 damage)
             ... with a puff of flame
             ... on level 4 of the Dungeon.
             The game lasted 00:13:31 (2824 turns).

KambridgeKobold the Conjurer (Deep Elf Conjurer)    Turns: 2824, Time: 00:13:32

Health: -3/32      AC:  3    Str:  5    XL:     6   Next: 27%
Magic:  8/16       EV: 12    Int: 22    God:
Gold:   68         SH:  4    Dex: 15    Spells: 3 memorised, 7 levels left

rFire  . . .     SeeInvis .     e - +0 dagger
rCold  . . .     Gourm    .     a - +0 robe
rNeg   . . .     Faith    .     m - +0 buckler
rPois  .         Spirit   .     k - +1 hat
rElec  .         Reflect  .     (no cloak)
rCorr  .         Harm     .     (no gloves)
MR     .....                    (no boots)
Stlth  ++........               l - amulet of magic regeneration
                                (no ring)
                                (no ring)

@: no status effects
A: no striking features
a: no special abilities


You were on level 4 of the Dungeon.
You were not hungry.

You visited 1 branch of the dungeon, and saw 4 of its levels.

You collected 133 gold pieces.
You spent 65 gold pieces at shops.

Inventory:

Hand Weapons
 e - a +0 dagger (weapon)
Armour
 a - a +0 robe (worn)
 k - a +1 hat (worn)
 m - a +0 buckler (worn)
Jewellery
 f - an uncursed ring of fire
 l - an amulet of magic regeneration (around neck)
Wands
 t - a wand of slowing (15/48)
Scrolls
 d - 3 scrolls of identify
 g - 2 scrolls of immolation {unknown}
 i - 4 scrolls of teleportation
 j - 4 scrolls of remove curse
 s - a scroll of magic mapping {unknown}
 y - a scroll of enchant armour {unknown}
Potions
 h - a potion of mutation {unknown}
 n - a potion of agility {unknown}
 o - 2 potions of lignification
 p - a potion of cure mutation {unknown}
 q - a potion of heal wounds
 w - a potion of curing {unknown}
 x - 2 potions of flight {unknown}
Books
 b - a book of Conjurations

   Spells                             Type                      Level
   a - Magic Dart                     Conjuration                  1
   b - Searing Ray                    Conjuration                  2
   c - Dazzling Spray                 Conjuration/Hexes            3
   d - Fulminant Prism                Conjuration/Hexes            4
   e - Iskenderun's Mystic Blast      Conjuration                  4
   f - Iskenderun's Battlesphere      Conjuration/Charms           5
 r - a book of Maledictions

   Spells                             Type                      Level
   a - Corona                         Hexes                        1
   b - Ensorcelled Hibernation        Hexes/Ice                    2
   c - Confuse                        Hexes                        3
   d - Tukima's Dance                 Hexes                        3
   e - Dazzling Spray                 Conjuration/Hexes            3
Comestibles
 c - 5 bread rations
 z - a slice of pizza


   Skills:
 - Level 2.4 Dodging
 - Level 2.4 Stealth
 - Level 1.0 Shields
 + Level 5.4 Spellcasting
 + Level 6.4 Conjurations
 * Level 3.9 Charms


You had 7 spell levels left.
You knew the following spells:

 Your Spells              Type           Power        Failure   Level  Hunger
a - Magic Dart            Conj           ####         1%          1    None
b - Searing Ray           Conj           ####..       1%          2    None
c - Iskenderun's Battles  Conj/Chrm      ####....     47%         5    #####..


Dungeon Overview and Level Annotations

Branches:
Dungeon (4/15)
 Temple: D:4-7

Altars:
Hepliaklqana
Kikubaaqudgha
Nemelex Xobeh
Xom

Shops:
D:4 !


Message History

Confirm with . or Enter, or press ? or * to list all spells.
Aiming: Searing Ray
Press: ? - help, Shift-Dir - straight line, f - orc wizard
Aim: an orc wizard, wielding a dagger and wearing a robe (fast)
The searing ray misses the orc wizard. (Press . to maintain the ray.)
The orc wizard misses you.
The searing ray hits the orc wizard.
The orc wizard is moderately wounded.
The orc wizard begins to cast a cantrip, but forgets the words!
The orc wizard points at you and mumbles some strange words.
The puff of flame hits you!
* * * LOW HITPOINT WARNING * * *
The orc wizard closely misses you. The orc wizard casts a spell at you.
The magic dart hits you!
* * * LOW HITPOINT WARNING * * *
The orc wizard casts a spell at you. The puff of flame hits you!
You die...

#.# #.# #######
#o. #...%.# #o#
#.# ..# #.# #.#
#.# #.#
#.###.####.#######
#@o.o....))....).)
#.###.####.#######
#.# #.# #.# #.#
#.# #.# #.. ...
?.. ### #.# #.#
#.# #.# #.# #.#


You could see an orc wizard and an orc.

Vanquished Creatures
  A hound (D:3)
  An orc priest (D:4)
  2 orc wizards (D:4)
  A centaur skeleton (D:4)
  Ijyb (D:3)
  Robin (D:2)
  2 gnolls (D:4)
  3 adders
  A shadow imp (D:4)
  3 oozes
  2 worms (D:3)
  A dart slug (D:1)
  4 leopard geckos
  An orc (D:4)
  12 bats
  18 giant cockroaches
  13 goblins
  15 hobgoblins
  5 kobolds
  3 frilled lizards
  6 rats
96 creatures vanquished.

Notes
Turn   | Place    | Note
-------+----------+-------------------------------------------
     0 | D:1      | KambridgeKobold the Deep Elf Conjurer began the quest for the Orb.
     0 | D:1      | Reached XP level 1. HP: 10/10 MP: 6/6
   286 | D:1      | Reached XP level 2. HP: 15/15 MP: 5/8
   290 | D:1      | Learned a level 2 spell: Searing Ray
   359 | D:1      | Reached skill level 5 in Conjurations
   629 | D:1      | Reached XP level 3. HP: 19/19 MP: 6/10
   962 | D:2      | Found a shimmering altar of Xom.
   963 | D:2      | Found an ancient bone altar of Kikubaaqudgha.
  1119 | D:2      | Noticed Robin
  1133 | D:2      | Killed Robin
  1158 | D:2      | Reached XP level 4. HP: 24/24 MP: 7/12
  1303 | D:2      | Found a faded altar of an unknown god.
  1303 | D:2      | Found a faded altar of an unknown god.
  1308 | D:2      | Found a faded altar of an unknown god.
  1310 | D:2      | Found a sparkling altar of Nemelex Xobeh.
  1312 | D:2      | Found a faded altar of an unknown god.
  1480 | D:2      | Reached skill level 1 in Shields
  1705 | D:3      | Found a hazy altar of Hepliaklqana.
  2063 | D:3      | Reached skill level 6 in Conjurations
  2063 | D:3      | Reached XP level 5. HP: 26/28 MP: 9/14
  2073 | D:3      | Learned a level 5 spell: Iskenderun's Battlesphere
  2281 | D:3      | Noticed Ijyb
  2287 | D:3      | Killed Ijyb
  2287 | D:3      | Reached skill level 5 in Spellcasting
  2287 | D:3      | Reached skill level 1 in Charms
  2721 | D:4      | Found Bigiumeprod's Distillery.
  2728 | D:4      | Bought a potion of heal wounds for 65 gold pieces
  2773 | D:4      | Reached XP level 6. HP: 32/32 MP: 11/15
  2824 | D:4      | Killed from afar by an orc wizard

Skill      XL: |  1  2  3  4  5 |
---------------+----------------+-----
Conjurations   | 5 6 |  6.4
Spellcasting   | 4 5 |  5.4
Shields        | 1 |  1.0
Charms         | 3 |  3.9
Dodging        | |  2.4
Stealth        | |  2.4

Action                   |  1- 3 |  4- 6 || total
-------------------------+-------+-------++-------
Melee: Dagger            |     2 |     4 ||     6
 Cast: Magic Dart        |    71 |    63 ||   134
       Searing Ray       |     5 |    21 ||    26
  Use: Scroll            |       |     3 ||     3
       Potion            |       |     1 ||     1
 Stab: Sleeping          |     2 |     1 ||     3
  Eat: Chunk             |     1 |     5 ||     6
Armor: Robe              |     2 |     9 ||    11
Dodge: Dodged            |     5 |    27 ||    32
Block: Buckler           |       |     2 ||     2
